Map: Winter's Gate LE

Players

hardgames

  • Race: Protoss Protoss
  • League: Platinum
  • Spawn Location: 5:00

goldenDrone - Winner!

  • Race: Protoss Protoss
  • League: Diamond
  • Spawn Location: 11:00

VOD

Have the link to the VOD?

Description

Time

  • Played on: Nov. 9, 2019, 2:58 p.m.
  • Length: 7:14
Show
View Real Time Build Order
Export as new Build Order

hardgames Protoss 

Build Orders: 1 Gate Expand 

Get SALT Encoding   

  12  0:03  Probe (Chrono Boost)  
  13  0:12  Probe (Chrono Boost)  
  14  0:20  Probe  
  14  0:25  Pylon  
  15  0:46  Gateway  
  15  0:56  Probe (Chrono Boost)  
  16  1:08  Probe (Chrono Boost)  
  17  1:15  Probe (Chrono Boost)  
  18  1:26  Pylon  
  18  1:29  Nexus  
  18  1:55  Zealot  
  18  2:01  Probe  
  21  2:02  Cybernetics Core  
  21  2:19  Gateway  
  21  2:23  Forge  
  21  2:35  Probe (Chrono Boost)  
  22  2:43  Zealot  
  25  2:45  Probe (Chrono Boost)  
  25  3:04  Nexus  
  23  3:10  Zealot, Probe (Chrono Boost)  
  27  3:13  Probe (Chrono Boost)  
  27  3:18  Zealot  
  30  3:20  Probe (Chrono Boost)  
  30  3:21  Probe (Chrono Boost)  
  30  3:25  Probe (Chrono Boost)  
  30  3:26  Probe (Chrono Boost)  
  32  3:33  Assimilator  
  33  3:38  Probe  
  34  3:44  Zealot  
  34  3:47  Zealot  
  38  3:54  Photon Cannon  
  38  4:01  Pylon  
  38  4:07  Probe (Chrono Boost)  
  38  4:15  Probe  
  39  4:29  Photon Cannon  
  39  4:32  Photon Cannon  
  39  4:33  Probe (Chrono Boost)  
  39  4:36  Zealot x2  
  44  4:42  Probe (Chrono Boost)  
  44  4:43  Probe (Chrono Boost)  
  44  4:44  Assimilator  
  46  4:48  Pylon  
  46  4:50  Probe (Chrono Boost)  
  46  4:51  Pylon  
  49  4:53  Probe (Chrono Boost)  
  49  4:55  Probe (Chrono Boost)  
  49  4:57  Shield Battery  
  50  5:02  Probe (Chrono Boost)  
  50  5:03  Probe (Chrono Boost)  
  51  5:07  Stalker  
  51  5:10  Probe, Assimilator  
  51  5:11  Probe  
  55  5:14  Assimilator  
  55  5:22  Probe  
  55  5:23  Probe  
  57  5:34  Probe  
  58  5:42  Twilight Council  
  58  5:54  Probe (Chrono Boost)  
  59  5:58  Assimilator  
  59  6:01  Assimilator  
  59  6:04  Probe (Chrono Boost)  
  60  6:06  Pylon  
  60  6:11  Probe (Chrono Boost)  
  61  6:15  Probe (Chrono Boost)  
  62  6:24  Probe (Chrono Boost)  
  62  6:25  Probe (Chrono Boost)  
  68  6:32  Probe (Chrono Boost)  
  70  6:34  Probe (Chrono Boost)  
  70  6:38  Stargate  
  71  6:41  Probe x2 (Chrono Boost)  
Show
View Real Time Build Order
Export as new Build Order

goldenDrone Protoss - Winner!

Build Orders: Blink Stalkers 

Get SALT Encoding   

  12  0:00  Probe  
  13  0:12  Probe  
  14  0:18  Pylon  
  14  0:25  Probe  
  15  0:37  Probe  
  15  0:39  Gateway  
  16  0:49  Probe (Chrono Boost)  
  17  0:53  Assimilator  
  17  0:59  Probe (Chrono Boost)  
  17  1:03  Probe (Chrono Boost)  
  18  1:05  Pylon  
  19  1:15  Probe  
  20  1:19  Pylon  
  20  1:30  Probe (Chrono Boost), Pylon  
  21  1:35  Assimilator  
  21  1:40  Cybernetics Core  
  21  1:49  Gateway  
  21  1:57  Probe  
  22  2:09  Probe  
  23  2:24  Nexus  
  25  2:34  Stalker (Chrono Boost)  
  25  2:35  Stalker (Chrono Boost)  
  27  3:09  Twilight Council  
  27  3:11  Pylon  
  27  3:12  Probe  
  28  3:14  Warp Gate (Chrono Boost)  
  28  3:25  Probe  
  29  3:37  Probe  
  30  3:41  Stalker x2  
  30  3:43  Probe  
  30  3:48  Assimilator  
  35  3:49  Probe  
  35  3:55  Blink (Chrono Boost), Probe  
  36  4:01  Probe  
  38  4:08  Probe  
  39  4:14  Probe  
  40  4:20  Probe  
  41  4:26  Probe  
  41  4:28  Pylon  
  42  4:32  Probe  
  42  4:38  Probe  
  48  4:44  Probe  
  45  4:49  Pylon  
  45  4:50  Probe  
  46  4:53  Pylon x2  
  46  4:56  Probe  
  47  5:02  Probe  
  48  5:08  Probe  
  48  5:09  Assimilator  
  48  5:13  Stalker x2  
  53  5:14  Probe  
  53  5:20  Gateway, Probe  
  55  5:21  Gateway  
  55  5:24  Gateway  
  55  5:26  Gateway, Probe  
  56  5:32  Probe  
  57  5:37  Stalker x2  
  61  5:43  Probe  
  61  5:44  Probe  
  63  5:55  Probe  
  64  5:59  Stalker x2  
  68  6:09  Gateway  
  68  6:15  Stalker x2  
  68  6:17  Stalker x2  
  68  6:18  Stalker  
  78  6:20  Stalker  
  80  6:27  Pylon  
  80  6:28  Pylon  
  80  6:29  Pylon  
  78  7:09  Sentry x2  
  78  7:10  Sentry x5  
Tags
 
Add a new tag
Caveats
  • Supply blocks, unpowered buildings, or Contaminate may cause inaccurate times.
  • Supply counts are checked every 10 seconds.